 Dungeon Crawl Stone Soup version 0.28.0 (webtiles) character file.

Game seed: 12632006941569497504

295 FreshCat the Vexing (level 6, 0/70 HPs)
             Began as a Gnoll Arcane Marksman on Feb 17, 2022.
             Was a Follower of Kikubaaqudgha.
             Succumbed to a scorpion's poison
             ... on level 6 of the Dungeon.
             The game lasted 00:20:13 (3513 turns).

FreshCat the Vexing (Gnoll Arcane Marksman)         Turns: 3513, Time: 00:20:13

Health: 0/70       AC:  5    Str: 12    XL:     6   Next: 34%
Magic:  19/20      EV: 13    Int: 12    God:    Kikubaaqudgha [*.....]
Gold:   119        SH:  0    Dex: 12    Spells: 2/11 levels left

rFire   . . .      SeeInvis .   e - +1 flail (vorpal)
rCold   . . .      Faith    .   (no shield)
rNeg    . . .      Spirit   .   g - +0 steam dragon scales
rPois   .          Reflect  .   (no helmet)
rElec   .          Harm     .   (no cloak)
rCorr   .          Rampage  .   (no gloves)
Will    .....                   (no boots)
Stlth   ..........              (no amulet)
HPRegen 0.21/turn               i - ring of magical power
MPRegen 0.17/turn               (no ring)

@: berserking (expiring), lethally poisoned (0 -> -12), very quick
A: fangs 1, strong nose, distributed training
a: Renounce Religion, Receive Corpses


You were on level 6 of the Dungeon.
You worshipped Kikubaaqudgha.
Kikubaaqudgha was aware of your devotion.
You visited 1 branch of the dungeon, and saw 6 of its levels.

You collected 119 gold pieces.

Inventory:

Hand Weapons
 a - a +0 shortbow
 e - a +1 vorpal flail (weapon)
 l - a +0 hunting sling
Missiles
 b - 8 boomerangs
 c - 36 arrows
 f - 69 stones
 h - 2 curare-tipped darts
 m - 61 sling bullets
 n - 3 poisoned darts
Armour
 d - a +0 robe
 g - +0 steam dragon scales (worn)
Magical Staves
 j - a staff of poison
Jewellery
 i - a ring of magical power (left hand)
Scrolls
 q - a scroll of immolation
Potions
 k - a potion of curing


   Skills:
 + Level 3.2 Fighting
 + Level 1.9 Short Blades
 + Level 1.9 Long Blades
 + Level 1.9 Axes
 + Level 1.9 Maces & Flails
 + Level 1.9 Polearms
 + Level 1.9 Staves
 + Level 1.9 Slings
 + Level 5.0 Bows
 + Level 1.9 Crossbows
 + Level 1.9 Throwing
 + Level 1.9 Armour
 + Level 5.0 Dodging
 + Level 1.9 Stealth
 + Level 1.9 Shields
 + Level 1.9 Unarmed Combat
 + Level 3.4 Spellcasting
 + Level 1.5 Conjurations
 + Level 5.6 Hexes
 + Level 1.5 Summonings
 + Level 1.5 Necromancy
 + Level 1.5 Translocations
 + Level 1.5 Transmutations
 + Level 1.5 Fire Magic
 + Level 1.5 Ice Magic
 + Level 1.5 Air Magic
 + Level 1.5 Earth Magic
 + Level 1.5 Poison Magic
 + Level 2.1 Invocations
 + Level 1.9 Evocations


You had 2 spell levels left.
You knew the following spells:

 Your Spells              Type           Power      Damage    Failure   Level
a - Slow                  Hex            60%        N/A       2%          1
b - Portal Projectile     Hex/Tloc       20%        N/A       16%         3
c - Tukima's Dance        Hex            15%        N/A       7%          3
d - Pain                  Necr           20%        1d5       13%         1
e - Animate Skeleton      Necr           10%        N/A       13%         1

Your spell library contained the following spells:

 Spells                   Type           Power      Damage    Failure   Level
 Sting                    Tmut/Pois      20%        1d4       13%         1
 Poisonous Vapours        Pois/Air       10%        N/A       19%         2
 Inner Flame              Hex/Fire       10%        N/A       16%         3
 Cause Fear               Hex            7%         N/A       22%         4
 Vampiric Draining        Necr           5%         2d6       36%         3
 Olgreb's Toxic Radiance  Pois           5%         N/A       77%         4
 Passage of Golubria      Tloc           5%         N/A       77%         4
 Yara's Violent Unravell  Hex/Tmut       5%         3d4       83%         5
 Agony                    Necr           5%         N/A       98%         5
 Discord                  Hex            7%         N/A       100%        8


Dungeon Overview and Level Annotations

Branches:
Dungeon (6/15)
 Temple: D:4-7

Altars:
Kikubaaqudgha

Shops:
D:1 :

Annotations:
D:2 Jessica
D:3 exclusions: 3 downstairs and kobold brigand
D:4 exclusion: downstairs, Grinder, Sigmund
D:5 Pikel


Innate Abilities, Weirdness & Mutations

You have very sharp teeth.
Your uncanny sense of smell can sniff out nearby items.
Your experience applies equally to all skills.


Message History

You feel sick.
The water moccasin skeleton barely misses you.
The scorpion stings you.
You are more poisoned.
The scorpion poisons you! The lemure barely misses you.
The water moccasin skeleton barely misses you.
You closely miss the scorpion.
You feel sick. The scorpion stings you.
The water moccasin skeleton bites you but does no damage.
The lemure closely misses you.
You closely miss the scorpion. Your bite misses the scorpion.
You feel sick. The scorpion stings you.
* * * LOW HITPOINT WARNING * * *
You are lethally poisoned!
The scorpion poisons you!
The water moccasin skeleton closely misses you.
The scorpion misses you. The lemure hits you.
* * * LOW HITPOINT WARNING * * *
You sock the scorpion!
The scorpion is heavily wounded.
* * * LOW HITPOINT WARNING * * *
You feel very sick.
The water moccasin skeleton bites you but does no damage.
The scorpion barely misses you.
You hit the scorpion.
The scorpion is almost dead.
* * * LOW HITPOINT WARNING * * *
You feel very sick. The lemure barely misses you.
The water moccasin skeleton closely misses you.
The scorpion stings you but does no damage.
You sock the scorpion!
You kill the scorpion!
Kikubaaqudgha accepts your kill.
* * * LOW HITPOINT WARNING * * *
You feel sick. The lemure misses you.
The water moccasin skeleton closely misses you.
Your Bows skill increases to level 5!
Your Dodging skill increases to level 5!
You die...
Kikubaaqudgha rasps: "You have failed me!
Welcome... death!"

# #. .# #..
..# #..# #.#
)..# #..#
##.#..# #..#
...>..Z###...#
#..#..# ##5@.#
#####


You could see a lemure and a water moccasin skeleton.

Vanquished Creatures
  A kobold brigand (D:3)
  A scorpion (D:6)
  An iguana (D:4)
  2 orc wizards (D:4)
  3 adders
  A dart slug (D:1)
  4 orcs
  5 ball pythons
  A bat (D:3)
  5 endoplasms
  2 giant cockroaches
  5 goblins
  4 hobgoblins
  4 jackals (D:1)
  5 kobolds (D:3)
  5 quokkas
  3 frilled lizards (D:1)
  3 rats
55 creatures vanquished.

Vanquished Creatures (others)
  2 dancing weapons
2 creatures vanquished.

Grand Total: 57 creatures vanquished

Notes
Turn   | Place    | Note
-------+----------+-------------------------------------------
     0 | D:1      | FreshCat the Gnoll Arcane Marksman began the quest for the
                  | Orb.
     0 | D:1      | Reached XP level 1. HP: 17/17 MP: 4/4
   217 | D:1      | Reached XP level 2. HP: 23/23 MP: 2/5
   718 | D:1      | Reached XP level 3. HP: 28/28 MP: 7/7
   971 | D:1      | Found Miplefo's Book Shoppe.
  1236 | D:2      | Reached skill level 1 in Invocations
  1240 | D:2      | Learned a level 3 spell: Portal Projectile
  1352 | D:2      | Noticed Jessica
  1937 | D:3      | Reached skill level 1 in Short Blades
  1937 | D:3      | Reached skill level 1 in Long Blades
  1937 | D:3      | Reached skill level 1 in Axes
  1937 | D:3      | Reached skill level 1 in Maces & Flails
  1937 | D:3      | Reached skill level 1 in Polearms
  1937 | D:3      | Reached skill level 1 in Staves
  1937 | D:3      | Reached skill level 1 in Slings
  1937 | D:3      | Reached skill level 1 in Crossbows
  1937 | D:3      | Reached skill level 1 in Throwing
  1937 | D:3      | Reached skill level 1 in Armour
  1937 | D:3      | Reached skill level 1 in Stealth
  1937 | D:3      | Reached skill level 1 in Shields
  1937 | D:3      | Reached skill level 1 in Unarmed Combat
  1937 | D:3      | Reached skill level 1 in Evocations
  1937 | D:3      | Reached XP level 4. HP: 29/34 MP: 8/8
  2017 | D:3      | Learned a level 3 spell: Tukima's Dance
  2070 | D:3      | Found a faded altar of an unknown god.
  2247 | D:3      | Prayed at the altar of an unknown god.
  2247 | D:3      | Became a worshipper of Kikubaaqudgha
  2247 | D:3      | Reached * piety under Kikubaaqudgha
  2247 | D:3      | Received a gift from Kikubaaqudgha
  2250 | D:3      | Learned a level 1 spell: Pain
  2300 | D:3      | Noticed a kobold brigand
  2520 | D:5      | Entered Level 5 of the Dungeon
  2520 | D:5      | Noticed a lemure
  2520 | D:5      | Noticed a lemure
  2520 | D:5      | Noticed a scorpion
  2548 | D:4      | Noticed Grinder
  2571 | D:3      | Noticed a kobold brigand
  2596 | D:3      | HP: 1/34 [poisoned by a kobold brigand (curare-tipped
                  | dart)]
  2601 | D:3      | Killed a kobold brigand
  2602 | D:3      | Reached skill level 1 in Conjurations
  2602 | D:3      | Reached skill level 1 in Summonings
  2602 | D:3      | Reached skill level 1 in Necromancy
  2602 | D:3      | Reached skill level 1 in Translocations
  2602 | D:3      | Reached skill level 1 in Transmutations
  2602 | D:3      | Reached skill level 1 in Fire Magic
  2602 | D:3      | Reached skill level 1 in Ice Magic
  2602 | D:3      | Reached skill level 1 in Air Magic
  2602 | D:3      | Reached skill level 1 in Earth Magic
  2602 | D:3      | Reached skill level 1 in Poison Magic
  2602 | D:3      | Reached XP level 5. HP: 11/40 MP: 1/9
  2898 | D:4      | Learned a level 1 spell: Animate Skeleton
  3287 | D:4      | Reached XP level 6. HP: 38/47 MP: 3/10
  3488 | D:4      | Noticed Sigmund
  3496 | D:5      | Noticed Pikel
  3511 | D:6      | HP: 3/70 [poisoned by a scorpion]
  3512 | D:6      | HP: 1/70 [poisoned by a scorpion]
  3513 | D:6      | Reached skill level 5 in Bows
  3513 | D:6      | Reached skill level 5 in Dodging
  3513 | D:6      | Succumbed to a scorpion's poison

Illustrated notes

Levels and vault maps discovered:
D:1:      eino_arrival_cavern_a, layout_basic, serial_shops,
          nicolae_shop_hallway_plus, hangedman_decor_push
D:2:      layout_loops_cross, uniq_jessica
D:3:      cheibrodos_thug_alley, layout_rooms, basic_ecumenical_altar
D:4:      layout_basic, serial_shops, nicolae_diamond_shop, uniq_sigmund,
          uniq_grinder
D:5:      layout_rooms, minmay_temple_entry_hall, kennysheep_generic_room_10,
          uniq_blork_the_orc, uniq_pikel, uniq_eustachio
D:6:      layout_loops_cross, chequers_temple_overflow_statue_of_worship,
          nemelex_diamond_rough_becter, uniq_menkaure

Skill      XL: |  1  2  3  4  5  6 |
---------------+-------------------+-----
Invocations    | 1 2 |  2.1
Short Blades   | 1 |  1.9
Long Blades    | 1 |  1.9
Axes           | 1 |  1.9
Maces & Flails | 1 |  1.9
Polearms       | 1 |  1.9
Staves         | 1 |  1.9
Slings         | 1 |  1.9
Crossbows      | 1 |  1.9
Throwing       | 1 |  1.9
Armour         | 1 |  1.9
Stealth        | 1 |  1.9
Shields        | 1 |  1.9
Unarmed Combat | 1 |  1.9
Evocations     | 1 |  1.9
Spellcasting   | 3 |  3.4
Conjurations   | 1 |  1.5
Summonings     | 1 |  1.5
Necromancy     | 1 |  1.5
Translocations | 1 |  1.5
Transmutations | 1 |  1.5
Fire Magic     | 1 |  1.5
Ice Magic      | 1 |  1.5
Air Magic      | 1 |  1.5
Earth Magic    | 1 |  1.5
Poison Magic   | 1 |  1.5
Fighting       | 3 |  3.2
Bows           | 5 |  5.0
Dodging        | 5 |  5.0
Hexes          | |  5.6

Action                   |  1- 3 |  4- 6 || total
-------------------------+-------+-------++-------
Melee: Staff             |       |    13 ||    13
       Shortbow          |       |     2 ||     2
       Bite              |       |     2 ||     2
       Flail             |       |     8 ||     8
 Fire: Shortbow          |    94 |    67 ||   161
 Cast: Slow              |    18 |    17 ||    35
       Pain              |       |    10 ||    10
       Tukima's Dance    |       |     7 ||     7
       Portal Projectile |       |     2 ||     2
       Animate Skeleton  |       |     2 ||     2
  Use: Potion            |       |     7 ||     7
       Scroll            |       |     2 ||     2
Armor: Steam dragon scal |     7 |    23 ||    30
Dodge: Dodged            |    23 |    43 ||    66
